Map: Incorporeal LE

Players

ManlyManMeat

  • Race: Terran Terran
  • League: Master
  • Spawn Location: 5:00

ShaDy - Winner!

  • Race: Protoss Protoss
  • League: Platinum
  • Spawn Location: 11:00

VOD

Have the link to the VOD?

Description

Time

  • Played on: Sept. 20, 2025, 2:43 p.m.
  • Length: 13:05
Show
View Real Time Build Order
Export as new Build Order

ManlyManMeat Terran 

Build Orders:  

Get SALT Encoding   

  12  0:00  SCV  
  13  0:12  SCV  
  14  0:17  Supply Depot  
  14  0:24  SCV  
  15  0:39  SCV  
  15  0:40  Barracks  
  16  0:47  Refinery  
  16  0:51  SCV  
  17  1:03  SCV  
  18  1:15  SCV  
  19  1:27  SCV  
  19  1:30  Reaper  
  21  1:34  Command Center  
  21  1:44  Orbital Command  
  21  1:54  Supply Depot  
  21  2:02  Marine  
  22  2:16  SCV  
  22  2:18  Factory  
  23  2:28  SCV  
  24  2:33  Marine  
  25  2:45  Orbital Command  
  25  2:47  Barracks  
  25  2:50  Marine  
  26  2:54  SCV  
  27  3:07  Factory Tech Lab, SCV  
  28  3:15  SCV, Refinery  
  28  3:16  Barracks Reactor  
  28  3:19  SCV  
  30  3:27  Starport  
  30  3:28  Supply Depot, SCV  
  30  3:35  SCV  
  30  3:40  SCV  
  32  3:42  Bunker, Refinery  
  32  3:44  Refinery  
  32  3:47  SCV  
  33  3:52  Barracks Tech Lab, Supply Depot, SCV  
  33  3:53  Marine  
  36  4:02  Marine  
  36  4:05  SCV x2  
  38  4:11  Marine  
  38  4:14  Marine  
  40  4:17  SCV  
  40  4:19  Marine, Stimpack  
  40  4:23  Siege Tank  
  45  4:24  SCV  
  45  4:29  Marine, SCV  
  48  4:32  Barracks  
  48  4:33  Starport Reactor  
  48  4:36  SCV  
  51  4:44  Reaper  
  51  4:45  Marauder  
  52  4:47  Marine  
  52  4:52  SCV x2  
  55  4:58  Engineering Bay  
  55  5:04  Marine, SCV x2  
  58  5:12  Command Center  
  58  5:14  Marine  
  58  5:15  Marine  
  58  5:16  SCV x2  
  62  5:26  Supply Depot  
  62  5:30  Supply Depot  
  62  5:48  Marine x3, Marauder, SCV x2  
  69  5:51  Medivac x2  
  69  5:52  Siege Tank  
  69  5:53  Supply Depot  
  76  6:00  Supply Depot  
  76  6:05  Marine x2  
  76  6:09  Marine  
  80  6:12  Barracks Reactor  
  79  6:22  Terran Infantry Weapons Level 1  
  79  6:24  Siege Tank  
  82  6:27  Barracks  
  82  6:28  Engineering Bay  
  82  6:29  Medivac, Command Center  
  84  6:32  Medivac  
  86  6:50  Marine x3  
  86  6:51  Marine  
  92  6:54  Marauder  
  92  6:56  Siege Tank  
  92  6:59  Orbital Command, Medivac  
  97  7:02  Medivac  
  97  7:06  Combat Shield  
  99  7:10  Marine x3  
  104  7:15  Marauder  
  104  7:17  Marine x2  
  104  7:19  Orbital Command  
  104  7:22  Missile Turret, Supply Depot  
  106  7:24  Missile Turret  
  106  7:26  Supply Depot  
  106  7:35  Marine x3  
  109  7:43  Terran Infantry Armor Level 1  
  109  7:47  Armory, Marine  
  109  7:49  Supply Depot  
  110  7:52  Supply Depot  
  110  7:58  Marine x2  
  112  8:01  SCV x3  
  112  8:03  SCV  
  116  8:13  SCV x2  
  116  8:14  SCV  
  116  8:15  Supply Depot, SCV  
  116  8:17  Siege Tank  
  116  8:18  Medivac x2  
  127  8:21  Hi-Sec Auto Tracking  
  127  8:27  Marine x2  
  129  8:42  Marine x2  
  129  8:43  Marine  
  129  8:45  Marine x2  
  129  8:46  Marauder  
  129  8:48  Medivac x2  
  140  9:06  Marine x2  
  140  9:07  Marine  
  140  9:08  SCV x3  
  140  9:09  SCV  
  147  9:12  Terran Vehicle Weapons Level 1  
  147  9:14  Engineering Bay  
  147  9:16  Siege Tank  
  150  9:18  Medivac x2  
  154  9:34  Marine x2  
  154  9:35  Marine x2  
  158  9:40  Missile Turret, Supply Depot  
  158  9:41  Supply Depot  
  158  9:42  Missile Turret  
  158  9:44  Supply Depot  
  158  10:02  Marine x3  
  158  10:03  Reaper, Marine x2  
  164  10:10  Barracks  
  164  10:11  Ghost Academy  
  164  10:13  Planetary Fortress  
  164  10:14  Barracks  
  164  10:20  Reaper, Barracks  
  163  10:34  Marine x3  
  163  10:35  Marine  
  167  10:38  Medivac x2, Siege Tank  
  119  11:08  Medivac x2  
  119  11:10  Marine, Siege Tank  
  119  11:11  Marine x3  
  109  11:26  Marine x2  
  109  11:28  Marine  
  109  11:32  SCV x3  
  109  11:33  SCV  
  110  11:43  Starport  
  110  11:44  Ghost, SCV x2  
  110  11:45  SCV x2  
  110  11:46  Barracks Tech Lab  
  117  11:52  Barracks Tech Lab  
  117  11:53  Starport, Siege Tank  
  105  12:02  Barracks Reactor  
  105  12:06  Marine x3  
  105  12:08  SCV x2  
  91  12:17  Marine x3  
  72  12:24  Marine x3  
  64  12:35  Marine  
Show
View Real Time Build Order
Export as new Build Order

ShaDy Protoss - Winner!

Build Orders:  

Get SALT Encoding   

  12  0:00  Probe  
  13  0:12  Probe  
  14  0:18  Pylon  
  14  0:22  Probe  
  15  0:32  Probe  
  15  0:37  Gateway  
  15  0:42  Probe  
  16  0:48  Assimilator  
  17  0:54  Probe  
  17  0:55  Assimilator  
  18  1:01  Pylon  
  18  1:06  Probe  
  20  1:18  Probe  
  20  1:25  Cybernetics Core  
  20  1:30  Probe  
  23  1:42  Probe  
  24  1:52  Nexus  
  22  1:55  Probe  
  22  1:56  Sentry  
  25  2:02  Warp Gate  
  25  2:05  Pylon  
  25  2:08  Probe  
  26  2:11  Stalker  
  26  2:20  Probe  
  29  2:38  Stalker  
  29  2:43  Robotics Facility  
  31  3:04  Probe x2, Gateway x2  
  33  3:24  Probe x2  
  35  3:36  Probe x2  
  35  3:39  Immortal  
  41  3:45  Pylon  
  42  3:48  Probe x2  
  44  4:02  Probe  
  44  4:03  Probe  
  44  4:05  Stalker x3  
  51  4:15  Twilight Council  
  51  4:16  Pylon  
  51  4:19  Immortal  
  51  4:22  Probe  
  57  4:24  Probe  
  57  4:32  Assimilator  
  57  4:34  Probe  
  57  4:36  Probe  
  59  4:41  Zealot x3  
  65  4:46  Probe  
  65  4:48  Probe  
  67  4:52  Charge  
  67  4:55  Pylon  
  67  5:03  Assimilator  
  67  5:12  Pylon  
  67  5:13  Gateway  
  67  5:16  Zealot x3  
  73  5:39  Templar Archives, Zealot x3  
  79  5:47  Probe x2  
  81  5:52  Observer  
  82  5:59  Probe  
  82  6:03  Gateway  
  82  6:04  Pylon  
  83  6:08  Psionic Storm  
  83  6:10  Probe  
  83  6:11  Probe  
  85  6:19  Pylon  
  85  6:22  Probe  
  86  6:31  Pylon  
  86  6:33  Blink  
  86  6:38  Sentry  
  86  6:39  Gateway x2  
  88  6:40  Zealot x3  
  88  6:46  Nexus  
  94  6:56  Pylon  
  94  7:08  Robotics Bay  
  94  7:11  High Templar x4  
  102  7:18  Stalker  
  104  7:34  Forge  
  104  7:35  Stalker x2  
  108  7:43  Stalker  
  110  7:45  Stalker  
  110  7:46  Zealot, Stalker  
  110  7:47  Zealot  
  118  8:06  Probe x2  
  118  8:10  Photon Cannon  
  118  8:12  Pylon  
  120  8:13  Probe  
  120  8:18  Probe x2, Colossus, Extended Thermal Lance  
  129  8:25  Probe  
  130  8:30  Probe x2  
  130  8:33  Assimilator  
  132  8:36  Zealot x4  
  132  8:38  Probe, Assimilator  
  141  9:06  Pylon  
  141  9:08  Pylon, Protoss Ground Weapons Level 1  
  141  9:12  Pylon  
  141  9:17  Pylon  
  141  9:18  Pylon  
  142  9:24  Probe  
  142  9:26  Zealot x4  
  142  9:27  Zealot x3  
  156  9:40  Pylon x2  
  156  9:43  Pylon, Colossus  
  162  9:46  Gateway  
  162  9:47  Gateway, Stalker x2  
  162  9:48  Gateway  
  162  9:49  High Templar x2  
  162  9:52  Zealot  
  172  9:54  Sentry  
  172  9:55  Archon  
  174  10:09  Probe x2  
  174  10:10  Probe  
  175  10:21  Probe  
  175  10:22  Probe x2, Zealot x4  
  175  10:23  Zealot x3  
  170  11:13  Stalker  
  170  11:14  Stalker x2  
  170  11:17  Zealot x6  
  170  11:18  Zealot  
  180  11:47  Stalker  
  180  11:48  Stalker x4  
  180  11:49  High Templar x2  
  180  11:51  Nexus, Zealot x3  
  200  12:00  Nexus  
  160  13:05  Pylon  
Tags
 
Add a new tag
Caveats
  • Supply blocks, unpowered buildings, or Contaminate may cause inaccurate times.
  • Supply counts are checked every 10 seconds.